 Dungeon Crawl Stone Soup version 0.22-a0-271-gc000056a37 (webtiles) character file.

34 Manul the Skirmisher (level 3, -1/49 HPs)
             Began as a Draconian Monk on Mar 11, 2018.
             Slain by a hobgoblin
             ... wielding a +0 mace
              (7 damage)
             ... on level 2 of the Dungeon.
             The game lasted 00:00:45 (715 turns).

Manul the Skirmisher (Draconian Monk)                Turns: 715, Time: 00:00:46

Health: -1/49      AC:  5    Str: 18    XL:     3   Next: 14%
Magic:  3/3        EV: 13    Int: 10    God:
Gold:   60         SH:  0    Dex: 14    Spells: 2/2 levels left

rFire    . . .     SeeInvis .   a - +0 spear
rCold    . . .     Gourm    .   (no shield)
rNeg     . . .     Faith    .   (armour unavailable)
rPois    .         Spirit   .   (helmet restricted)
rElec    .         Reflect  .   f - scarf {repulsion}
rCorr    .         Harm     .   (no gloves)
MR       +....                  (no boots)
Stlth    ..........             (no amulet)
HPRegen  0.16/turn              j - ring of protection from magic
MPRegen  0.08/turn              (no ring)

@: berserking, repel missiles, very quick
A: unfitting armour, cold-blooded, AC +5
a: no special abilities


You were on level 2 of the Dungeon.
You were not hungry.

You visited 1 branch of the dungeon, and saw 2 of its levels.

You collected 60 gold pieces.

Inventory:

Hand Weapons
 a - a +0 spear (weapon)
 m - a +3 short sword of venom
Armour
 f - a scarf of repulsion (worn)
Jewellery
 j - a ring of protection from magic (left hand)
Scrolls
 g - a scroll of remove curse {unknown}
 h - a scroll of blinking {unknown}
 l - a scroll of identify {unknown}
Potions
 c - a potion of degeneration {unknown}
 i - a potion of invisibility {unknown}
 k - a potion of curing {unknown}
Comestibles
 b - 3 rations
 d - 9 chunks of flesh


   Skills:
 + Level 3.8 Fighting
 + Level 3.4 Polearms
 + Level 3.0 Dodging
 + Level 1.9 Stealth


You had 2 spell levels left.
You didn't know any spells.

Dungeon Overview and Level Annotations

Branches:
Dungeon (2/15)

Altars:


Innate Abilities, Weirdness & Mutations

Your plain brown scales are hard. (AC +5)
You cannot fit into any form of body armour.
You are cold-blooded and may be slowed by cold attacks.


Message History

Things that are here:
2 stones; a frilled lizard skeleton; a rat corpse
Things that are here:
2 stones; a frilled lizard skeleton; a rat corpse The hobgoblin hits you with a mace.
* * * LOW HITPOINT WARNING * * *
You completely miss the hobgoblin. The hobgoblin barely misses you.
You barely miss the hobgoblin. The hobgoblin closely misses you.
You hit the hobgoblin but do no damage. You hit the hobgoblin.
The hobgoblin is lightly wounded.
The hobgoblin hits you with a mace.
* * * LOW HITPOINT WARNING * * *
Things that are here:
2 stones; a frilled lizard skeleton; a rat corpse It was a potion of berserk rage.
A red film seems to cover your vision as you go berserk!
You feel yourself moving faster!
You feel mighty! The hobgoblin hits you with a mace!
You die...

..# #.#
#####.###
#....#..#
#.###.#.#
########.###.#.#
.......(.....#.#
######.######.#
#(# #.# #@# #.#
#g# #.# #(# #.#
#.# #.# #.# #.#
#.# ..#


You could see a hobgoblin.

Vanquished Creatures
  2 dart slugs
  2 giant cockroaches (D:1)
  6 goblins
  4 hobgoblins (D:1)
  3 jackals (D:1)
  A bat (D:1)
  3 frilled lizards
  3 kobolds
  3 rats
27 creatures vanquished.

Notes
Turn   | Place    | Note
-------+----------+-------------------------------------------
     0 | D:1      | Manul the Draconian Monk began the quest for the Orb.
     0 | D:1      | Reached XP level 1. HP: 19/19 MP: 1/1
   101 | D:1      | Reached XP level 2. HP: 26/26 MP: 2/2
   565 | D:2      | Reached XP level 3. HP: 33/33 MP: 3/3
   696 | D:2      | Found a faded altar of an unknown god.
   715 | D:2      | Slain by a hobgoblin

Vault maps used:
D:1:      lightli_arrival_noodles
D:2:      first_ration, chequers_ecumenical_altar_simple

Skill      XL: |  1  2 |
---------------+-------+-----
Dodging        | 3 |  3.0
Fighting       | |  3.8
Polearms       | |  3.4
Stealth        | |  1.9

Action                   || total
-------------------------++-------
Melee: Spear             ||    84
       Tailslap          ||     7
  Use: Potion            ||     1
 Stab: Sleeping          ||     3
Armor: Skin              ||     9
Dodge: Dodged            ||    29

Table legend:
 A = Spawn XP
 B = Non-spawn XP
 C = Spawn XP percentage of total XP
 D = Spawn monster count
 E = Non-spawn monster count
 F = Spawn count percentage of total count
 G = Total turns spent on level
                    A         B        C        D         E        F      G
               +---------+---------+-------+---------+---------+-------+---------
         Total |       0 |      49 |   0.0 |       0 |      27 |   0.0 |   715
               +---------+---------+-------+---------+---------+-------+---------
           D:1 |       0 |      39 |   0.0 |       0 |      22 |   0.0 |   561
           D:2 |       0 |      10 |   0.0 |       0 |       5 |   0.0 |   154
               +---------+---------+-------+---------+---------+-------+---------
